 Dungeon Crawl Stone Soup version 0.31.0-11-ge490571c62 (webtiles) character file.

Game seed: 6154966018320510192

31 Bobbunny the Sneak (level 3, 0/28 HPs)
             Began as a Formicid Enchanter on Jan 27, 2024.
             Constricted to death by a ball python (1 damage)
             ... on level 2 of the Dungeon.
             The game lasted 00:01:34 (1208 turns).

Bobbunny the Sneak (Formicid Enchanter)             Turns: 1208, Time: 00:01:34

Health: 0/28       AC:  2    Str: 13 (14) XL:     3   Next: 40%
Magic:  6/6        EV:  8    Int: 13 (14) God:
Gold:   66         SH:  3    Dex: 12 (14) Spells: 6/6 levels left

rFire   . . .        a - +1 dagger
rCold   . . .        e - +0 buckler
rNeg    . . .        b - +0 robe
rPois   .            (helmet unavailable)
rElec   .            (no cloak)
rCorr   .            (no gloves)
SInv    +            (no boots)
Will    +....        (no amulet)
Stlth   ++           k - ring of flight
HPRegen 0.24/turn    (no ring)
MPRegen 0.10/turn

%: no passive effects
@: attractive, enlightened, flying, constricted
A: permanent stasis, dig shafts and tunnels, antennae 3, four strong arms
a: Dig, Shaft Self


You were on level 2 of the Dungeon.
You visited 1 branch of the dungeon, and saw 2 of its levels.

You collected 66 gold pieces.

Inventory:

Hand Weapons
 a - a +1 dagger (weapon)
Missiles
 r - 2 datura-tipped darts
Armour
 b - a +0 robe (worn)
 e - a +0 buckler (worn)
Jewellery
 k - a ring of flight (left hand)
Wands
 p - a wand of charming (14)
Scrolls
 g - 2 scrolls of vulnerability {unknown}
 i - 2 scrolls of identify {unknown}
 j - a scroll of enchant armour {unknown}
 n - a scroll of teleportation {unknown}
Potions
 c - 2 potions of invisibility
 d - a potion of degeneration
 f - a potion of lignification {unknown}
 h - 2 potions of enlightenment
 l - a potion of mutation {unknown}
 m - a potion of cancellation {unknown}
 o - a potion of curing {unknown}
 q - a potion of attraction


   Skills:
 + Level 2.4 Fighting
 - Level 1.0 Short Blades
 - Level 1.7 Dodging
 + Level 4.3 Stealth
 - Level 2.1 Spellcasting
 - Level 3.6 Hexes


You had 6 spell levels left.
You didn't know any spells.
Your spell library contained the following spells:

 Spells                   Type           Power      Damage    Failure   Level
 Confusing Touch          Hex            10%        N/A       24%         3
 Tukima's Dance           Hex            10%        N/A       24%         3
 Ensorcelled Hibernation  Hex/Ice        12%        N/A       26%         2
 Dazzling Flash           Conj/Hex       12%        N/A       45%         3
 Cigotuvi's Dreadful Rot  Necr/Alch/Air  2%         N/A       47%         2
 Dispel Undead            Necr           1%         3d6       98%         4
 Martyr's Knell           Necr/Summ      1%         N/A       98%         4
 Death Channel            Necr           0%         N/A       100%        6


Dungeon Overview and Level Annotations

Branches:
Dungeon (2/15)

Altars:


Innate Abilities, Weirdness & Mutations

You cannot be hasted, slowed, berserked, paralysed or teleported.
You can dig through walls and to a lower floor.
You have a pair of large antennae on your head. (SInv)
Your four strong arms can wield two-handed weapons with a shield.


Message History

The ball python is moderately wounded.
The ball python bites you. The ball python constricts you.
You block the ball python's attack. You block the kobold's attack.
The hobgoblin hits you.
You hit the ball python.
You kill the ball python!
The ball python bites you.
* * * LOW HITPOINT WARNING * * *
The ball python grabs you. The ball python constricts you.
The hobgoblin closely misses you. You block the kobold's attack.
You hit the kobold but do no damage.
The kobold is moderately wounded.
The ball python barely misses you. The ball python constricts you.
* * * LOW HITPOINT WARNING * * *
The hobgoblin barely misses you. The kobold hits you but does no damage.
The ball python bites you but does no damage.
The ball python constricts you.
* * * LOW HITPOINT WARNING * * *
You hit the kobold but do no damage.
The kobold is moderately wounded.
The hobgoblin hits you.
* * * LOW HITPOINT WARNING * * *
The kobold closely misses you. The ball python bites you.
* * * LOW HITPOINT WARNING * * *
The ball python constricts you.
* * * LOW HITPOINT WARNING * * *
It was a potion of enlightenment.
You feel more buoyant. The ball python barely misses you.
The ball python constricts you. You block the hobgoblin's attack.
The kobold barely misses you.
It was a potion of attraction.
You feel attractive to monsters. The ball python closely misses you.
The ball python constricts you.
* * * LOW HITPOINT WARNING * * *
The hobgoblin completely misses you. The kobold misses you.
It was a potion of degeneration.
There was something very wrong with that liquid.
You feel weakened.
You feel dopey.
You feel clumsy. You block the ball python's attack.
The ball python constricts you.
You die...

#.#######.....# #.....
.......#
###...####......#
.........#......#
.......#.#......#
.#####.#.#...#####+#####
.......#.#.#............
.#.#####.#.#....†K......
.........†.#....@S...>..
.#.#...#.#.#.....g......
.#.#.#.#.#.#..=.........
...# . #...#............
..(....######...........
..... .. +...........
.#. #...........
#...........


You could see a hobgoblin, a ball python and a kobold.

Vanquished Creatures
  A dart slug (D:1)
  4 bats
  2 endoplasms (D:1)
  A giant cockroach (D:2)
  A goblin (D:2)
  4 jackals (D:1)
  3 kobolds
  A quokka (D:1)
  5 ball pythons
  A frilled lizard (D:1)
  A rat (D:2)
24 creatures vanquished.

Notes
Turn   | Place    | Note
-------+----------+-------------------------------------------
     0 | D:1      | Bobbunny the Formicid Enchanter began the quest for the
                  | Orb.
     0 | D:1      | Reached XP level 1. HP: 13/13 MP: 3/3
    93 | D:1      | Reached skill level 1 in Fighting
    96 | D:1      | Reached XP level 2. HP: 21/21 MP: 5/5
   459 | D:1      | Reached skill level 4 in Stealth
   589 | D:1      | Reached XP level 3. HP: 26/27 MP: 6/6
  1207 | D:2      | HP: 1/28 [constriction (1)]
  1208 | D:2      | Constricted to death by a ball python

Illustrated notes

Levels and vault maps discovered:
D:1:      heliophobic_arrival_glass_houses, layout_rooms,
          nicolae_houndstooth_variations
D:2:      layout_basic

Skill      XL: |  1  2 |
---------------+-------+-----
Fighting       | 1 2 |  2.4
Stealth        | 4 |  4.3
Short Blades   | |  1.0
Dodging        | |  1.7
Spellcasting   | |  2.1
Hexes          | |  3.6

Action                     || total
---------------------------++-------
  Melee: Dagger            ||    89
    Use: Potion            ||     3
   Stab: Sleeping          ||     9
 Armour: Robe              ||    53
  Dodge: Dodged            ||    56
  Block: Buckler           ||    20
